 Dungeon Crawl Stone Soup version 0.30-a0-263-ge22c4ad894 (webtiles) character file.

Game seed: 7225352529647196866

30 koil the Sneak (level 3, -1/17 HPs)
             Began as a Spriggan Enchanter on Oct 14, 2022.
             Slain by a gnoll
             ... wielding a +0 halberd
              (15 damage)
             ... on level 2 of the Dungeon.
             The game lasted 00:02:48 (915 turns).

koil the Sneak (Spriggan Enchanter)                  Turns: 915, Time: 00:02:48

Health: -1/17      AC:  2    Str:  4    XL:     3   Next: 5%
Magic:  8/8        EV: 18    Int: 16    God:
Gold:   23         SH:  0    Dex: 17    Spells: 0/8 levels left

rFire   . . .      SeeInvis +    a - +1 dagger
rCold   . . .      Faith    .    (no shield)
rNeg    . . .      Spirit   .    b - +0 robe
rPois   .          Reflect  .    (helmet restricted)
rElec   .          Harm     .    (no cloak)
rCorr   .          Rampage  .    (gloves unavailable)
Will    .....                    (boots unavailable)
Stlth   +++.......               (no amulet)
HPRegen 0.22/turn                (no ring)
MPRegen 0.11/turn                (no ring)

@: very quick
A: very small, no large weapons, unfitting armour, see invisible, speed 3
a: no special abilities


You were on level 2 of the Dungeon.
You visited 1 branch of the dungeon, and saw 2 of its levels.

You collected 23 gold pieces.

Inventory:

Hand Weapons
 a - a +1 dagger (weapon)
 g - a +0 dagger of speed
Missiles
 i - 2 throwing nets (quivered)
Armour
 b - a +0 robe (worn)
Scrolls
 d - a scroll of identify {unknown}
 e - a scroll of enchant armour {unknown}
 f - a scroll of immolation {unknown}
 h - a scroll of teleportation {unknown}
Potions
 c - 3 potions of invisibility
 j - a potion of lignification {unknown}
 k - a potion of haste {unknown}
 l - a potion of heal wounds {unknown}


   Skills:
 + Level 0.5 Fighting
 + Level 1.7 Short Blades
 + Level 3.0 Dodging
 + Level 4.8 Stealth
 + Level 3.1 Spellcasting
 + Level 3.8 Hexes
 + Level 0.0 Poison Magic


You couldn't memorise any spells.
You knew the following spells:

 Your Spells              Type           Power      Damage    Failure   Level
a - Ensorcelled Hibernat  Hex/Ice        16%        N/A       13%         2
b - Confusing Touch       Hex            14%        N/A       12%         3
c - Spider Form           Tmut/Pois      2%         N/A       50%         3

Your spell library contained the following spells:

 Spells                   Type           Power      Damage    Failure   Level
 Tukima's Dance           Hex            14%        N/A       12%         3
 Dazzling Flash           Conj/Hex       16%        N/A       26%         3
 Anguish                  Hex/Necr       4%         N/A       63%         4


Dungeon Overview and Level Annotations

Branches:
Dungeon (2/15)

Altars:

Shops:
D:1 (


Innate Abilities, Weirdness & Mutations

You are very small and have problems with some larger weapons.
You are too small for most types of armour.
You have supernaturally acute eyesight. (SInv)
You cover ground extremely quickly. (Speed+++)


Message History

You see here a +0 dagger.
You see here a quokka corpse.
You see here a +0 leather armour.
You see here a +0 robe.
You see here a +0 dagger.
k - an emerald potion You open the door.
There is an open door here.
There is an entrance to Hueguz's Antique Weapon Boutique here.
There is an open door here.
Done exploring.
Done exploring.
There is a stone staircase leading down here.
You climb downwards.
Found a fuming grey potion.
Found a stone staircase leading down.
There is a stone staircase leading up here.
l - a fuming grey potion
Found a robe.
A kobold comes into view. It is wielding a +0 short sword.
The kobold shouts!
You hear a shout! x2
The kobold throws a stone.
The stone misses you.
Found a scroll labelled WYT NAITTEU.
A gnoll comes into view. It is wielding a +0 club.
A dart slug comes into view.
You barely miss the kobold.
The kobold hits you with a +0 short sword.
You hit the kobold.
You kill the kobold!
A gnoll comes into view. It is wielding a +0 halberd.
A gnoll comes into view. It is wielding a +0 whip.
The gnoll hits you with a +0 club.
Things that are here:
a +0 short sword; 5 stones You barely miss the gnoll.
The gnoll completely misses you. x2
You closely miss the gnoll. The gnoll closely misses you. x2
You hit the gnoll.
The gnoll is lightly wounded.
The gnoll hits you from afar with a +0 halberd!
Ouch! That really hurt!
You die... ........## #......... ###.......#. ### ........... ..# ........## ..## gg..?....

...#### ###### #gw......
#.....###....###@.......
##......................
#######.....###...#....
#......##.#......
######.#..####... #...##
.. #.### . #... ...#.#


You could see 3 gnolls and a dart slug.

Vanquished Creatures
  An endoplasm (D:1)
  A giant cockroach (D:1)
  2 goblins (D:1)
  5 hobgoblins (D:1)
  4 jackals (D:1)
  3 kobolds
  3 quokkas (D:1)
  2 ball pythons (D:1)
  A bat (D:1)
  A frilled lizard (D:1)
  2 rats (D:1)
25 creatures vanquished.

Notes
Turn   | Place    | Note
-------+----------+-------------------------------------------
     0 | D:1      | koil the Spriggan Enchanter began the quest for the Orb.
     0 | D:1      | Reached XP level 1. HP: 9/9 MP: 5/5
    97 | D:1      | Found Hueguz's Antique Weapon Boutique.
   152 | D:1      | Reached XP level 2. HP: 13/13 MP: 6/6
   155 | D:1      | Learned a level 2 spell: Ensorcelled Hibernation
   591 | D:1      | Reached XP level 3. HP: 14/17 MP: 8/8
   622 | D:1      | Learned a level 3 spell: Confusing Touch
   626 | D:1      | Learned a level 3 spell: Spider Form
   915 | D:2      | Slain by a gnoll

Illustrated notes

Levels and vault maps discovered:
D:1:      mrwooster_arrival_arrow, layout_loops_ring, serial_shops,
          nicolae_shop_window_shopping, minmay_pentomino_p4
D:2:      layout_rooms, kennysheep_generic_room_6, uniq_jessica

Skill      XL: |  1  2 |
---------------+-------+-----
Dodging        | 3 |  3.0
Spellcasting   | 3 |  3.1
Fighting       | |  0.5
Short Blades   | |  1.7
Stealth        | |  4.8
Hexes          | |  3.8

Action                   || total
-------------------------++-------
Melee: Dagger            ||    97
 Cast: Ensorcelled Hiber ||     7
 Stab: Sleeping          ||    12
Armor: Robe              ||     5
Dodge: Dodged            ||    71

Table legend: (Time is in decaauts)
 A = Elapsed time spent in this place.
 B = Non-inter-level travel time spent in this place.
 C = Inter-level travel time spent in this place.
 D = Time resting spent in this place.
 E = Time spent auto-exploring this place.
 F = Levels seen in this place.
 G = Mean time per level.
                   A        B        C        D        E       F      G
               +--------+--------+--------+--------+--------+-----+--------+
         Total |    657 |    646 |     11 |      0 |    464 |   2 |  328.5 |
       Dungeon |    657 |    646 |     11 |      0 |    464 |   2 |  328.5 |
               +--------+--------+--------+--------+--------+-----+--------+

Top non-repeatable levels by time:
     D:1: 634 daAuts
     D:2: 22 daAuts
